[Event "Titled Tuesday Blitz June 6 Late 2023"]
[White "Celestino, Rafael Teixeira"]
[Black "Martin Barcelo, Carles"]
[WhiteFideId "2108925"]
[BlackFideId "24561444"]
[WhiteElo "2317"]
[BlackElo "2089"]
[Result "0-1"]
[Round "8"]
[TimeControl "180+2"]
[Date "2023.06.07"]
[WhiteClock "0:00:24"]
[BlackClock "0:00:02"]
[Board "95"]

1. e4 e6 2. d4 d5 3. Bd3 dxe4 4. Bxe4 Nf6 5. Bf3 c6 6. Ne2 Nbd7 7. O-O Bd6 8. c4 O-O 9. Nbc3 Re8 10. Re1 e5 11. g3 exd4 12. Nxd4 Rxe1+ 13. Qxe1 Ne5 14. Bg2 Bc5 15. Be3 Bxd4 16. Rd1 Bg4 17. Rxd4 Qe7 18. Qf1 Nf3+ 19. Bxf3 Bxf3 20. Rf4 Bh5 21. Bd4 Nd7 22. Qh3 Bg6 23. Qf1 Re8 24. h4 h6 25. Be3 Ne5 26. b3 a6 27. Qd1 Qe6 28. Kg2 Qe7 29. Bd4 h5 30. Bxe5 Qxe5 31. Rd4 Qf5 32. Qf3 Qc2 33. Na4 Qxa2 34. Nc5 Re7 35. Nd7 Qc2 36. Nc5 Qf5 37. Qxf5 Bxf5 38. Nd3 Bxd3 39. Rxd3 f6 40. Kf3 Kf7 41. c5 Ke6 42. b4 Rd7 43. Re3+ Kd5 44. Re4 a5 45. bxa5 Kxc5 46. Kf4 Kb5 47. Kf5 Kxa5 48. Ke6 Rd5 49. Kf7 g5 50. Kxf6 gxh4 51. gxh4 b5 52. Re8 b4 53. Ke6 b3 54. Ra8+ Kb4 55. Rb8+ Rb5 56. Ra8 b2 57. Kd6 b1=Q 58. f4 Qd3+ 59. Kc7 Qd5 60. Rd8 Qxd8+ 61. Kxd8 Rf5 62. Kd7 Rxf4 63. Kxc6 Rxh4 64. Kd5 Rg4 65. Ke5 Kc4 66. Kf5 Kd3 67. Ke5 Ke3 68. Kf5 Kf3 69. Ke5 h4 70. Kf5 h3 71. Ke5 h2 72. Kf5 h1=Q 73. Ke5 Qh5+ 74. Kd6 Rg6+ 75. Ke7 Qh7+ 76. Kf8 Rh6 77. Ke8 Qg7 78. Kd8 Qf7 79. Kc8 Qe7 80. Kb8 Qd7 81. Ka8 Rg6 82. Kb8 Rf6 83. Ka8 Re6 84. Kb8 Rf6 85. Ka8 Rf7 86. Kb8 Re7 87. Ka8 Rg7 88. Kb8 Rh7 89. Ka8 Rh8# 0-1


[Site "https://www.chess.com"]

[Event "Titled Tuesday Blitz June 6 Late 2023"]
[White "Wang, Alexander J"]
[Black "Ansh M Shah"]
[WhiteFideId "30955270"]
[BlackFideId "25033379"]
[WhiteElo "2277"]
[BlackElo "2084"]
[Result "0-1"]
[Round "8"]
[TimeControl "180+2"]
[Date "2023.06.07"]
[WhiteClock "0:02:26"]
[BlackClock "0:02:36"]
[Board "96"]

1. e4 c6 2. d4 d5 3. f3 dxe4 4. fxe4 e5 5. Nf3 Bg4 6. Bc4 Nd7 7. c3 Bd6 8. Qb3 Qe7 9. Qxb7 Rb8 10. Qxc6 Bxf3 11. gxf3 Nf6 12. d5 O-O 13. Bb3 Nc5 14. Be3 Rfc8 0-1


[Site "https://www.chess.com"]

[Event "Titled Tuesday Blitz June 6 Late 2023"]
[White "Omariev, Maksim"]
[Black "Cagara, Paulina"]
[WhiteFideId "4193423"]
[BlackFideId "1124870"]
[WhiteElo "2415"]
[BlackElo "1967"]
[Result "0-1"]
[Round "8"]
[TimeControl "180+2"]
[Date "2023.06.07"]
[WhiteClock "0:00:02"]
[BlackClock "0:00:15"]
[Board "97"]

1. g4 d5 2. Bg2 Bxg4 3. c4 Nf6 4. Qb3 Bc8 5. cxd5 c6 6. Nc3 Qb6 7. Qxb6 axb6 8. d4 Bg4 9. Bg5 e6 10. dxe6 Bxe6 11. Bxf6 gxf6 12. a3 Rg8 13. Be4 f5 14. Bf3 Bb4 15. Rc1 Bd6 16. e3 f4 17. e4 b5 18. e5 Be7 19. Nge2 b4 20. axb4 Bxb4 21. Nxf4 Bf5 22. d5 cxd5 23. Nxd5 Kf8 24. Nxb4 Nd7 25. Be4 Bxe4 26. Nxe4 Nxe5 27. Ke2 Re8 28. f3 Rg6 29. Kf2 Rd8 30. Rc2 Rd4 31. Na2 Nd3+ 32. Ke3 Rd7 33. Rd1 Ne5 34. Rxd7 Nxd7 35. Nb4 Re6 36. Nd3 f5 37. Nf4 Re8 38. Rc7 Nf6 0-1


[Site "https://www.chess.com"]

[Event "Titled Tuesday Blitz June 6 Late 2023"]
[White "Sanchez, Robert"]
[Black "Abduzhaparov"]
[WhiteFideId "2034360"]
[WhiteElo "1893"]
[BlackElo "2406"]
[Result "0-1"]
[Round "8"]
[TimeControl "180+2"]
[Date "2023.06.07"]
[WhiteClock "0:01:56"]
[BlackClock "0:01:31"]
[Board "98"]

1. e4 d6 2. d4 Nf6 3. Nc3 e5 4. Nf3 Nbd7 5. Bc4 Be7 6. O-O O-O 7. a4 c6 8. h3 b6 9. Be3 a6 10. dxe5 dxe5 11. a5 b5 12. Bd3 c5 13. Nd5 Nxd5 14. exd5 Bd6 15. b3 f5 16. Be2 f4 17. Bd2 e4 18. Nh2 Ne5 19. Bg4 f3 20. Re1 Nxg4 21. Nxg4 Bxg4 22. Rxe4 Bf5 23. Re1 fxg2 24. c4 Qh4 0-1


[Site "https://www.chess.com"]

[Event "Titled Tuesday Blitz June 6 Late 2023"]
[White "Stachanczyk, Jacek"]
[Black "Belov, Alexei"]
[WhiteFideId "1116657"]
[BlackFideId "4128206"]
[WhiteElo "2084"]
[BlackElo "2613"]
[Result "1/2-1/2"]
[Round "8"]
[TimeControl "180+2"]
[Date "2023.06.07"]
[WhiteClock "0:00:32"]
[BlackClock "0:00:53"]
[Board "99"]

1. e4 e6 2. d4 d5 3. Nc3 Nf6 4. e5 Ne4 5. Nxe4 dxe4 6. Bc4 a6 7. Ne2 b5 8. Bb3 Bb7 9. Be3 c5 10. dxc5 Qc7 11. Ng3 Bxc5 12. Bxc5 Qxc5 13. Qd6 Nd7 14. O-O-O O-O-O 15. Rhe1 Qxe5 16. Qxe5 Nxe5 17. Nxe4 Rxd1+ 18. Kxd1 Rd8+ 19. Kc1 Nc6 20. c3 Na5 21. Bc2 Nc4 22. b3 Nd6 23. Nxd6+ Rxd6 24. f3 h5 25. Rd1 Kc7 26. Rxd6 Kxd6 27. Kd2 g5 28. Ke3 h4 29. g3 hxg3 30. hxg3 f5 31. f4 gxf4+ 32. gxf4 e5 33. fxe5+ Kxe5 34. c4 bxc4 35. bxc4 f4+ 36. Kf2 Kd4 37. Bb3 a5 38. a4 Kc3 39. Bd1 Kxc4 40. Be2+ Kb4 41. Bb5 Bd5 42. Bd7 Bb3 43. Kf3 Bxa4 44. Be6 Bb3 45. Bd7 Ba4 46. Be6 Bb5 47. Kxf4 a4 48. Ke3 Bc4 49. Bxc4 Kxc4 50. Kd2 Kb3 51. Kc1 Ka2 52. Kc2 a3 53. Kc1 Kb3 54. Kb1 a2+ 55. Ka1 Ka3 1/2-1/2


[Site "https://www.chess.com"]

[Event "Titled Tuesday Blitz June 6 Late 2023"]
[White "Gomez Ledo, Roberto Carlos"]
[Black "sebastianmarinp"]
[WhiteFideId "3507076"]
[WhiteElo "2378"]
[BlackElo "2370"]
[Result "1-0"]
[Round "8"]
[TimeControl "180+2"]
[Date "2023.06.07"]
[WhiteClock "0:00:28"]
[BlackClock "0:00:01"]
[Board "100"]

1. d4 Nf6 2. Bf4 d5 3. e3 c5 4. c3 Nc6 5. Nd2 e6 6. Ngf3 Bd6 7. Bg3 O-O 8. Bd3 Qc7 9. dxc5 Bxg3 10. hxg3 e5 11. e4 Bg4 12. Rh4 Rad8 13. Qe2 d4 14. c4 Qa5 15. a3 Qxc5 16. O-O-O a5 17. Kb1 a4 18. Rdh1 h6 19. Qe1 Ra8 20. Nh2 Be6 21. g4 Na5 22. Nhf1 Nxg4 23. f3 Ne3 24. Qg3 Nxf1 25. Bxf1 Kh7 26. Rxh6+ gxh6 27. Qg5 Bh3 28. Rxh3 Qd6 29. Bd3 Qe6 30. Qh4 1-0


[Site "https://www.chess.com"]

[Event "Titled Tuesday Blitz June 6 Late 2023"]
[White "Di Berardino, Diego Rafael"]
[Black "Sairam, Pranav"]
[WhiteFideId "2105446"]
[BlackFideId "30951330"]
[WhiteElo "2426"]
[BlackElo "1918"]
[Result "1-0"]
[Round "8"]
[TimeControl "180+2"]
[Date "2023.06.07"]
[WhiteClock "0:00:03"]
[BlackClock "0:00:13"]
[Board "101"]

1. e4 e5 2. Nf3 Nf6 3. Nxe5 d6 4. Nf3 Nxe4 5. d4 d5 6. Bd3 Be7 7. O-O Nc6 8. c4 Nb4 9. Be2 dxc4 10. Bxc4 O-O 11. Nc3 Nf6 12. Re1 Bg4 13. Be2 Nbd5 14. Qb3 Nb6 15. h3 Be6 16. Qc2 h6 17. Bf4 c6 18. Rad1 Nfd5 19. Bg3 Nb4 20. Qb1 N6d5 21. Ne5 Qa5 22. a3 Nxc3 23. bxc3 Nd5 24. Qxb7 Rab8 25. Nxc6 Rxb7 26. Nxa5 Rb2 27. Bf3 Nxc3 28. Rc1 Bxa3 29. Rxc3 Bb4 30. Rec1 Bxa5 31. Ra3 Bb6 32. d5 Bd7 33. Rac3 f5 34. R3c2 Rb5 35. Bd6 Re8 36. Bc7 Bd4 37. d6 Rbe5 38. Bc6 Re1+ 39. Rxe1 Rxe1+ 40. Kh2 Bxf2 41. Bd5+ Kh7 42. Rxf2 1-0


[Site "https://www.chess.com"]

[Event "Titled Tuesday Blitz June 6 Late 2023"]
[White "Papayan, Oleg"]
[Black "Yanayt, Eugene"]
[WhiteFideId "4193911"]
[BlackFideId "2020165"]
[WhiteElo "2167"]
[BlackElo "2083"]
[Result "0-1"]
[Round "8"]
[TimeControl "180+2"]
[Date "2023.06.07"]
[WhiteClock "0:00:02"]
[BlackClock "0:00:29"]
[Board "102"]

1. e4 c5 2. d4 cxd4 3. Qxd4 Nc6 4. Qd3 g6 5. Nc3 Bg7 6. Nf3 Nf6 7. Be2 O-O 8. O-O d6 9. Nd5 Nd7 10. c3 b6 11. Bg5 Bb7 12. b4 h6 13. Bh4 Re8 14. Rad1 Rc8 15. Qd2 Nce5 16. Rc1 Nxf3+ 17. Bxf3 Ne5 18. Be2 Nc4 19. Qd1 g5 20. Bg3 e6 21. Bxc4 Rxc4 22. Ne3 Rxc3 23. Qxd6 Qxd6 24. Bxd6 Bxe4 25. Rxc3 Bxc3 26. Rc1 Rd8 27. Be7 Rd7 28. Bxg5 Bd2 29. Rc8+ Kh7 30. Rd8 Rxd8 31. Bxd8 Bxb4 32. Bc7 Bc5 33. Bb8 a5 34. Kf1 Bd3+ 35. Ke1 Bb4+ 36. Kd1 b5 37. f3 a4 38. Be5 Bb1 39. Kc1 Bxa2 40. Nc2 Bc5 41. Nd4 b4 42. Nc2 Bc4 0-1


[Site "https://www.chess.com"]

[Event "Titled Tuesday Blitz June 6 Late 2023"]
[White "KorolDimitriy75"]
[Black "Gonzalez Vega, Alejandro"]
[BlackFideId "3510042"]
[WhiteElo "2445"]
[BlackElo "2320"]
[Result "1/2-1/2"]
[Round "8"]
[TimeControl "180+2"]
[Date "2023.06.07"]
[WhiteClock "0:00:03"]
[BlackClock "0:00:11"]
[Board "103"]

1. d4 d5 2. c4 e6 3. Nc3 Nf6 4. Bg5 Nbd7 5. cxd5 exd5 6. e3 c6 7. Bd3 Be7 8. Qc2 O-O 9. Nge2 Re8 10. f3 Nf8 11. O-O Be6 12. Rad1 Rc8 13. h3 h6 14. Bh4 a6 15. e4 c5 16. e5 cxd4 17. Nxd4 Bc5 18. Bf2 N6d7 19. f4 Nb6 20. f5 Bd7 21. f6 g6 22. Rde1 Ne6 23. Nxe6 Bxe6 24. Qd2 Bf8 25. Bb1 Nc4 26. Qe2 Qc7 27. Bd4 b5 28. a3 Qb7 29. Qf2 b4 30. axb4 Qxb4 31. Re2 Bc5 32. Bxc5 Qxc5 33. Kh2 Qxf2 34. Rexf2 Nxb2 35. Nxd5 Bxd5 36. Rxb2 Rxe5 37. Rb6 Bc4 38. Rf2 Bb5 39. Ba2 Rf8 40. Rb7 h5 41. Ra7 Rg5 42. Rf3 h4 43. Rf4 Bc6 44. Rg4 Rxg4 45. hxg4 g5 46. Kh3 Bb5 47. g3 hxg3 48. Kxg3 Kh7 49. Bxf7 Kh8 50. Kf3 Bc6+ 51. Ke3 Bb5 52. Kd4 Be2 53. Bh5 Rxf6 54. Ke5 Rb6 55. Kf5 Rb5+ 56. Kg6 Rb6+ 57. Kxg5 Kg8 58. Bg6 Rb5+ 59. Bf5 Rb6 60. Bg6 Rb5+ 61. Bf5 Rb6 62. Bg6 1/2-1/2


[Site "https://www.chess.com"]

[Event "Titled Tuesday Blitz June 6 Late 2023"]
[White "Eidelman, Gabriel"]
[Black "Spichkin, Alexander"]
[WhiteFideId "30910544"]
[BlackFideId "4144074"]
[WhiteElo "2440"]
[BlackElo "1986"]
[Result "1-0"]
[Round "8"]
[TimeControl "180+2"]
[Date "2023.06.07"]
[WhiteClock "0:00:41"]
[BlackClock "0:01:42"]
[Board "104"]

1. Nc3 d5 2. e4 d4 3. Nce2 e5 4. Nf3 Nc6 5. d3 Nf6 6. g3 Bg4 7. Bg2 Qd7 8. h3 Bxf3 9. Bxf3 Be7 10. Bg2 O-O-O 11. O-O Ne8 12. f4 Nd6 13. c3 dxc3 14. bxc3 Nc4 15. fxe5 Qxd3 16. Qxd3 Rxd3 17. Rxf7 Bc5+ 18. Kh2 N6xe5 19. Rxg7 h5 20. Nf4 Re3 21. Bxe3 Nxe3 22. Nd5 Bd6 23. Nxe3 h4 24. Nf5 hxg3+ 25. Kxg3 Bf8 26. Rg5 Nf7 27. Rg4 Ne5 28. Rh4 Rg8+ 29. Kh2 Ba3 30. Rd1 Bb2 31. Ne7+ Kb8 32. Nxg8 a5 33. Nf6 Bxc3 34. Ng4 Nc6 35. e5 Nxe5 36. Nxe5 Bxe5+ 37. Kh1 Ka7 38. Re4 Bc3 39. h4 b5 40. h5 b4 41. h6 Kb6 42. h7 c5 43. Rd3 Bb2 44. Rd8 Kb5 45. h8=Q Bxh8 46. Rxh8 Ka4 47. Bf1 c4 48. Bxc4 b3 49. Bxb3+ Ka3 50. Ra4+ Kb2 51. Rxa5 Kc3 1-0


[Site "https://www.chess.com"]

[Event "Titled Tuesday Blitz June 6 Late 2023"]
[White "Kohler, Aran"]
[Black "Arnold, Ken"]
[WhiteFideId "1002856"]
[BlackFideId "2056836"]
[WhiteElo "2322"]
[BlackElo "2433"]
[Result "0-1"]
[Round "8"]
[TimeControl "180+2"]
[Date "2023.06.07"]
[WhiteClock "0:00:04"]
[BlackClock "0:00:25"]
[Board "105"]

1. d4 d5 2. Nf3 Nf6 3. Bg5 Bf5 4. Bxf6 exf6 5. e3 Bd6 6. c4 dxc4 7. Bxc4 O-O 8. Nc3 a6 9. h3 b5 10. Bd3 Bxd3 11. Qxd3 c5 12. dxc5 Bxc5 13. Qxd8 Rxd8 14. Ne4 Bb4+ 15. Ke2 f5 16. Ng3 g6 17. Rhd1 Nc6 18. Rxd8+ Nxd8 19. a3 Bf8 20. Rc1 Ne6 21. Nd4 Nc5 22. b4 Na4 23. Rc7 Bd6 24. Rc6 Bxg3 25. fxg3 Nb2 26. g4 fxg4 27. hxg4 Nc4 28. Nc2 Rd8 29. Nd4 Re8 30. Nc2 Rd8 31. Nd4 Nxa3 32. Rxa6 Nc4 33. g5 Re8 34. Nc2 Re5 35. Kf3 Rxg5 36. Nd4 h6 37. Ra8+ Kg7 38. Rb8 Ne5+ 39. Kf4 Nd3+ 40. Kf3 Nxb4 41. Nxb5 Nc6 42. Rb7 Ne5+ 43. Kf2 Rf5+ 44. Ke2 Ng4 45. Nd4 Rf2+ 46. Kd3 Rxg2 47. Ne6+ Kf6 48. Nf4 Nf2+ 49. Kd4 Rg4 50. Rb6+ Kg5 51. Ke5 Rg1 52. Rb2 Ng4+ 53. Ke4 f5+ 54. Kf3 Re1 55. Rb6 Rxe3+ 56. Kg2 Kxf4 57. Rxg6 Re2+ 58. Kf1 Rf2+ 59. Kg1 h5 60. Rg8 h4 61. Rh8 Kg3 62. Rh7 h3 63. Rxh3+ Kxh3 64. Kh1 Kg3 65. Kg1 f4 66. Kh1 Rf1# 0-1


[Site "https://www.chess.com"]

[Event "Titled Tuesday Blitz June 6 Late 2023"]
[White "Kujawski, Adam"]
[Black "Matthew_Clarke"]
[WhiteFideId "1100920"]
[WhiteElo "2054"]
[BlackElo "2265"]
[Result "1-0"]
[Round "8"]
[TimeControl "180+2"]
[Date "2023.06.07"]
[WhiteClock "0:01:59"]
[BlackClock "0:01:38"]
[Board "106"]

1. e4 c5 2. Nf3 d6 3. d4 cxd4 4. Nxd4 Nf6 5. Nc3 a6 6. Bg5 Nbd7 7. Bc4 Qb6 8. Qd2 Qxb2 9. O-O Qb4 10. Bd5 Qc5 11. Rab1 Nxd5 12. Nxd5 b6 13. Rb3 Rb8 14. Rc3 Qa5 15. Nc6 1-0


[Site "https://www.chess.com"]

[Event "Titled Tuesday Blitz June 6 Late 2023"]
[White "Francisco_Ferrari"]
[Black "Szyszylo, Rafal"]
[BlackFideId "1109626"]
[WhiteElo "2192"]
[BlackElo "1951"]
[Result "0-1"]
[Round "8"]
[TimeControl "180+2"]
[Date "2023.06.07"]
[WhiteClock "0:00:02"]
[BlackClock "0:00:11"]
[Board "107"]

1. c4 d6 2. Nc3 Nf6 3. g3 g6 4. Bg2 Bg7 5. e4 O-O 6. Nge2 c5 7. O-O Nc6 8. d3 Ne8 9. h3 Nc7 10. Be3 Ne6 11. f4 Ned4 12. Qd2 e6 13. g4 f5 14. exf5 gxf5 15. g5 Bd7 16. Rae1 Qe8 17. Ng3 a6 18. a4 Qb8 19. Nh5 Bh8 20. Qf2 Nb4 21. Nf6+ Rxf6 22. gxf6 Bxf6 23. Ne2 Nxd3 24. Qg3+ Kh8 25. Bxd4 Bxd4+ 26. Nxd4 Nxe1 27. Nf3 Nxf3+ 28. Bxf3 Qc7 29. Qh4 Rg8+ 30. Kh2 Qd8 31. Qh6 Rg6 32. Qh5 Qf6 33. Rf2 Qd4 34. Qh4 Qf6 35. Qxf6+ Rxf6 36. Rd2 Bxa4 37. Rxd6 Rf7 38. Rd8+ Kg7 39. Kg3 b5 40. cxb5 Bxb5 41. Rc8 c4 42. Be2 Rb7 43. Bxc4 Bxc4 44. Rxc4 Rxb2 45. Rc6 Rb3+ 46. Kh4 Kf6 47. Rxa6 Rf3 48. Ra7 Rxf4+ 49. Kg3 Rb4 50. Rxh7 e5 51. Rh6+ Kg5 52. Re6 Rb3+ 53. Kg2 Kf4 54. h4 e4 55. h5 Rb2+ 56. Kf1 Rh2 57. h6 Kf3 58. Rg6 f4 0-1


[Site "https://www.chess.com"]

[Event "Titled Tuesday Blitz June 6 Late 2023"]
[White "Amanov, Zhanibek"]
[Black "mohsengabr2002"]
[WhiteFideId "13700189"]
[WhiteElo "2134"]
[BlackElo "2262"]
[Result "0-1"]
[Round "8"]
[TimeControl "180+2"]
[Date "2023.06.07"]
[WhiteClock "0:00:01"]
[BlackClock "0:00:45"]
[Board "108"]

1. e4 f6 2. f4 g6 3. Nf3 e6 4. d4 Nh6 5. Bc4 Bg7 6. c3 Nf7 7. Qb3 O-O 8. Be3 f5 9. Nbd2 fxe4 10. Ne5 d5 11. Be2 Nd7 12. Nxf7 Rxf7 13. O-O-O b6 14. h4 c5 15. h5 cxd4 16. cxd4 a5 17. hxg6 hxg6 18. g4 a4 19. Qc2 a3 20. b3 Ba6 21. Bxa6 Rxa6 22. f5 exf5 23. gxf5 Rxf5 24. Rdg1 b5 25. Kb1 Rff6 26. Bg5 Qf8 27. Bxf6 Qxf6 28. Qc8+ Nf8 29. Qc5 Qxd4 30. Qxd4 Bxd4 31. Rg5 Rd6 32. Rd1 Be3 33. Re5 Bf4 34. Re7 Bg5 35. Rb7 Bxd2 36. Rxd2 e3 37. Re2 d4 38. Kc1 Rc6+ 39. Kd1 Rf6 40. Rxb5 Ne6 41. Rd5 Rf1+ 42. Re1 Rf2 43. Re5 Rd2+ 44. Kc1 Kf7 45. R5xe3 dxe3 46. Rxe3 Rxa2 47. b4 Nd4 48. b5 Nxb5 49. Rb3 Rb2 0-1


[Site "https://www.chess.com"]

[Event "Titled Tuesday Blitz June 6 Late 2023"]
[White "MrAnnihilation"]
[Black "Lopez Perdomo, Juan David"]
[BlackFideId "4405137"]
[WhiteElo "2396"]
[BlackElo "1965"]
[Result "1-0"]
[Round "8"]
[TimeControl "180+2"]
[Date "2023.06.07"]
[WhiteClock "0:00:46"]
[BlackClock "0:00:22"]
[Board "109"]

1. e4 e6 2. d3 d5 3. Qe2 Nf6 4. Nf3 c5 5. g3 Nc6 6. Bg2 Qc7 7. O-O dxe4 8. dxe4 Be7 9. e5 Nd7 10. Re1 O-O 11. h4 b6 12. Nc3 Nb4 13. Ng5 Ba6 14. Qe4 Bxg5 15. Bxg5 Rab8 16. Rad1 Bb7 17. Rxd7 Qxd7 18. Qg4 Bxg2 19. Bf6 g6 20. Qg5 Qd2 21. Qxd2 1-0


[Site "https://www.chess.com"]

[Event "Titled Tuesday Blitz June 6 Late 2023"]
[White "Cluke86"]
[Black "The_Straightforward_Rook"]
[WhiteElo "2152"]
[BlackElo "2371"]
[Result "0-1"]
[Round "8"]
[TimeControl "180+2"]
[Date "2023.06.07"]
[WhiteClock "0:01:07"]
[BlackClock "0:01:26"]
[Board "110"]

1. e4 c5 2. Nc3 Nc6 3. f4 e6 4. Nf3 d5 5. d3 dxe4 6. dxe4 Qxd1+ 7. Nxd1 Nf6 8. e5 Nd5 9. Bb5 Bd7 10. c3 a6 11. Bd3 Be7 12. g3 h5 13. h4 g6 14. Be3 b5 15. Ke2 c4 16. Be4 O-O-O 17. a4 Kb7 18. axb5 axb5 19. Bd4 Ra8 20. Ne3 Nxd4+ 21. Nxd4 Bc6 22. Bxd5 exd5 23. Nec2 Bc5 24. Ke3 Bd7 25. Rxa8 Rxa8 26. Ra1 Rxa1 27. Nxa1 Bf5 28. Kd2 Bxd4 29. cxd4 b4 30. Nc2 Bxc2 31. Kxc2 Kc6 32. Kd2 Kb5 33. Kc2 Ka4 34. Kc1 Kb3 35. g4 hxg4 36. f5 gxf5 37. h5 g3 38. h6 g2 39. h7 g1=Q+ 40. Kd2 Qh2+ 41. Ke3 Qxh7 0-1


[Site "https://www.chess.com"]

[Event "Titled Tuesday Blitz June 6 Late 2023"]
[White "Palencia Morales, Wilson Guillermo"]
[Black "Kostiukov, Alexandr"]
[WhiteFideId "4401859"]
[BlackFideId "14108100"]
[WhiteElo "2144"]
[BlackElo "2202"]
[Result "1-0"]
[Round "8"]
[TimeControl "180+2"]
[Date "2023.06.07"]
[WhiteClock "0:00:09"]
[BlackClock "0:00:05"]
[Board "111"]

1. d4 g6 2. c4 Bg7 3. Nf3 d6 4. Nc3 e5 5. d5 f5 6. e4 Nf6 7. Bg5 O-O 8. Bd3 Na6 9. Bc2 h6 10. Bxf6 Qxf6 11. Qe2 Bd7 12. O-O-O Nc5 13. Kb1 a5 14. Nd2 f4 15. f3 a4 16. g4 Qd8 17. h4 Qb8 18. Ka1 Qa7 19. a3 Qa5 20. Kb1 Rfb8 21. Nb5 Bf8 22. Nf1 Qb6 23. Kc1 c6 24. Nc3 Nb3+ 25. Bxb3 Qxb3 26. Nd2 Qb6 27. Ndb1 c5 28. Nb5 Qa5 29. N1c3 Be7 30. Kc2 Qb6 31. Rb1 Ra5 32. Qd3 Qa6 33. Kd2 Qb6 34. Ke2 Qa6 35. Kf2 Qb6 36. h5 g5 37. Kg2 Qa6 38. b3 axb3 39. Rxb3 Bxb5 40. Nxb5 Ra4 41. Rhb1 Qa5 42. Qc2 Ra8 43. Qc3 Qxc3 44. Rxc3 Kf7 45. Rcb3 Rxc4 46. Nc7 Rc2+ 47. Kg1 Ra4 48. Ne6 c4 49. Rxb7 Rxa3 50. Rc7 Rxf3 51. Rbb7 Rg3+ 52. Kf1 Rf3+ 53. Ke1 1-0


[Site "https://www.chess.com"]

[Event "Titled Tuesday Blitz June 6 Late 2023"]
[White "SergioMoralesG"]
[Black "Eggleston, Thomas A"]
[BlackFideId "412139"]
[WhiteElo "2463"]
[BlackElo "2155"]
[Result "1-0"]
[Round "8"]
[TimeControl "180+2"]
[Date "2023.06.07"]
[WhiteClock "0:01:11"]
[BlackClock "0:00:01"]
[Board "113"]

1. e4 e6 2. d3 c5 3. Nf3 Nc6 4. g3 g6 5. Bg2 Bg7 6. O-O Nge7 7. c3 d6 8. d4 O-O 9. Be3 b6 10. Nbd2 cxd4 11. cxd4 d5 12. e5 Ba6 13. Re1 Bd3 14. a3 b5 15. Qb3 Bc4 16. Nxc4 bxc4 17. Qc3 Rb8 18. Nd2 Nf5 19. b4 a5 20. Reb1 axb4 21. axb4 Rb5 22. Nxc4 Ncxd4 23. Bxd4 Nxd4 24. Qxd4 dxc4 25. Qxc4 Rxe5 26. Ra8 Qb6 27. Rxf8+ Bxf8 28. b5 Rc5 29. Qe2 h5 30. h4 Bd6 31. Kh2 Rf5 32. f4 e5 33. Be4 Rf6 34. f5 gxf5 35. Bd5 e4 36. Ra1 f4 37. Qxh5 Qf2+ 38. Kh1 fxg3 39. Ra8+ Kg7 40. Qh8+ Kg6 41. Rg8+ Kf5 42. Qh5+ Kf4 43. Qg5+ Kf3 44. Qxf6+ Ke2 45. Bc4+ Ke1 46. Qxf2+ gxf2 47. Kg2 1-0


[Site "https://www.chess.com"]

[Event "Titled Tuesday Blitz June 6 Late 2023"]
[White "Shapiro, Viktor"]
[Black "Winkels, Marcel"]
[WhiteFideId "4175700"]
[BlackFideId "1003887"]
[WhiteElo "2212"]
[BlackElo "1900"]
[Result "1-0"]
[Round "8"]
[TimeControl "180+2"]
[Date "2023.06.07"]
[WhiteClock "0:00:36"]
[BlackClock "0:00:02"]
[Board "115"]

1. d4 Nf6 2. c4 g6 3. Nc3 d5 4. cxd5 Nxd5 5. Qb3 Nb6 6. Nf3 Bg7 7. Bf4 O-O 8. Rd1 a6 9. e4 Nc6 10. d5 Nb8 11. h4 Bg4 12. Be2 N8d7 13. Ng5 Bxe2 14. Kxe2 Ne5 15. h5 h6 16. Nf3 Nxf3 17. gxf3 g5 18. Be3 Qd6 19. Rhg1 f5 20. Bxg5 hxg5 21. Rxg5 Kh7 22. Rdg1 Bh6 23. Rg6 Qf4 24. R1g3 a5 25. Re6 Rae8 26. e5 Qd2+ 27. Kf1 Qc1+ 28. Kg2 f4 29. Rgg6 Bg7 30. Ne4 Rg8 31. Ng5+ Kh8 32. h6 1-0


[Site "https://www.chess.com"]

[Event "Titled Tuesday Blitz June 6 Late 2023"]
[White "Shapiro, Daniel"]
[Black "Kornyukov, Alexey"]
[WhiteFideId "2001780"]
[BlackFideId "4150457"]
[WhiteElo "2353"]
[BlackElo "2352"]
[Result "1-0"]
[Round "8"]
[TimeControl "180+2"]
[Date "2023.06.07"]
[WhiteClock "0:00:15"]
[BlackClock "0:00:02"]
[Board "116"]

1. d4 d5 2. c4 e6 3. Nf3 c6 4. Qc2 dxc4 5. Qxc4 b5 6. Qc2 Bb7 7. Nbd2 Nd7 8. Nb3 Ngf6 9. e4 Qb6 10. Bd2 c5 11. dxc5 Bxc5 12. Ba5 Qa6 13. a4 Bxe4 14. Qc3 Rc8 15. Bxb5 Qb7 16. Nxc5 Bxf3 17. gxf3 Qd5 18. b4 O-O 19. Rd1 Qf5 20. Bxd7 Nd5 21. Qd3 Qe5+ 22. Kf1 Nf4 23. Qe4 Qg5 24. Rg1 Qh4 25. Rg4 1-0


[Site "https://www.chess.com"]

[Event "Titled Tuesday Blitz June 6 Late 2023"]
[White "Hartikainen, Jarmo"]
[Black "Gerbelli Neto, Eduardo"]
[WhiteFideId "503134"]
[BlackFideId "2103281"]
[WhiteElo "2133"]
[BlackElo "2178"]
[Result "0-1"]
[Round "8"]
[TimeControl "180+2"]
[Date "2023.06.07"]
[WhiteClock "0:00:06"]
[BlackClock "0:00:27"]
[Board "117"]

1. e4 e5 2. Nf3 Nc6 3. Bc4 Nf6 4. Ng5 d5 5. exd5 Nd4 6. c3 b5 7. cxd4 bxc4 8. dxe5 Qxd5 9. exf6 Qxg5 10. Qf3 Rb8 11. O-O Qxf6 12. Qxf6 gxf6 13. Re1+ Be6 14. Nc3 f5 15. Nd5 Kd7 16. Nf4 Bg7 17. Nxe6 fxe6 18. d3 cxd3 19. Rd1 Bxb2 20. Rxd3+ Kc6 21. Bxb2 Rxb2 22. Rc3+ Kb7 23. Rac1 Rc8 24. a3 c6 25. g3 Kb6 26. Kg2 c5 27. Kf3 a5 28. h4 a4 29. Ke3 Rb3 30. Kf4 Rc6 31. Ke5 Kb5 32. f3 c4 33. g4 fxg4 34. fxg4 Rb2 35. R1c2 Rxc2 36. Rxc2 Kc5 37. g5 Rb6 38. h5 Rb3 39. Rg2 Rh3 40. g6 Rxh5+ 41. Kxe6 hxg6 42. Kf6 c3 43. Kxg6 Rd5 44. Rc2 Kc4 45. Kf6 Kb3 46. Rc1 c2 47. Ke6 Rd1 0-1


[Site "https://www.chess.com"]

[Event "Titled Tuesday Blitz June 6 Late 2023"]
[White "Rian, Kapriaga"]
[Black "Ricaurte Lopez, Juan Carlos"]
[WhiteFideId "7103263"]
[BlackFideId "3600327"]
[WhiteElo "2319"]
[BlackElo "2200"]
[Result "1-0"]
[Round "8"]
[TimeControl "180+2"]
[Date "2023.06.07"]
[WhiteClock "0:01:27"]
[BlackClock "0:00:41"]
[Board "118"]

1. d4 Nf6 2. c4 e6 3. g3 c5 4. d5 exd5 5. cxd5 d6 6. Nf3 g6 7. Bg2 Bg7 8. Nc3 O-O 9. O-O Re8 10. Bf4 Nh5 11. Bg5 Qb6 12. Qc1 Na6 13. Nd2 Bxc3 14. Qxc3 Rxe2 15. Bf3 Re5 16. Nc4 Rxg5 17. Nxb6 axb6 18. Bxh5 Rxh5 19. Rfe1 Bh3 20. Re7 Nb4 21. Rd1 Nxd5 22. Rxd5 Rxd5 23. Qf3 Rxa2 24. Qxf7+ 1-0


[Site "https://www.chess.com"]

[Event "Titled Tuesday Blitz June 6 Late 2023"]
[White "Srdanovic, Jovana"]
[Black "Torres Dominguez, David"]
[WhiteFideId "954810"]
[BlackFideId "2220857"]
[WhiteElo "2155"]
[BlackElo "1999"]
[Result "1-0"]
[Round "8"]
[TimeControl "180+2"]
[Date "2023.06.07"]
[WhiteClock "0:00:16"]
[BlackClock "0:00:01"]
[Board "119"]

1. d4 e5 2. d5 Bc5 3. e4 d6 4. h3 Ne7 5. a4 O-O 6. c3 a5 7. Bd3 f5 8. Nf3 fxe4 9. Bxe4 Nd7 10. Bg5 Nf6 11. Bxf6 Rxf6 12. Qc2 Nf5 13. Nbd2 h6 14. O-O-O Qf8 15. Rhf1 Ne7 16. Bh7+ Kh8 17. Ne4 Rxf3 18. gxf3 Bb6 19. Ng3 Qxf3 20. Be4 Qf4+ 21. Kb1 Bd7 22. Ne2 Qh4 23. f4 exf4 24. Rxf4 Qg5 25. Rdf1 g6 26. h4 Qe5 27. Bxg6 Rg8 28. Be4 Be3 29. Rf7 Bxa4 30. Rh7# 1-0


[Site "https://www.chess.com"]

[Event "Titled Tuesday Blitz June 6 Late 2023"]
[White "Vila Dupla, Aurelio"]
[Black "Mikhalsky, Vladimir"]
[WhiteFideId "2203383"]
[BlackFideId "14144352"]
[WhiteElo "2009"]
[BlackElo "2236"]
[Result "1-0"]
[Round "8"]
[TimeControl "180+2"]
[Date "2023.06.07"]
[WhiteClock "0:00:42"]
[BlackClock "0:01:39"]
[Board "120"]

1. Nf3 c5 2. c4 Nf6 3. Nc3 d5 4. cxd5 Nxd5 5. e4 Nb4 6. Bb5+ Bd7 7. a3 Bxb5 8. axb4 Bd3 9. Qa4+ Nc6 10. b5 Nb4 11. b6+ Nc6 12. Ne5 axb6 13. Qxa8 Nxe5 14. Qxb7 Bc4 15. Ra8 Nd3+ 16. Ke2 Nxc1+ 17. Kd1 Nd3 18. Qc6# 1-0


[Site "https://www.chess.com"]